 Dungeon Crawl Stone Soup version bcrawl-1.36.4 (webtiles) character file.

Game seed: 3943985094972922244

16362948 pasperui the Basher (level 16, -7/177 HPs)
             Began as an Ent Sloth Apostle on July 25, 2022.
             Was the Champion of Cheibriados.
             Mangled by Agnes
             ... wielding a +0 lajatang
              (23 damage)
             ... on level 1 of the Snake Pit.
             The game lasted 02:13:35 (16656 turns).

pasperui the Basher (Ent Sloth Apostle)            Turns: 16656, Time: 02:13:36

Health: -7/177     AC: 30    Str: 45    XL:     16   Next: 34%
Magic:  26/33      EV: 18    Int: 29    God:    Cheibriados [******]
Gold:   2132       SH: 17    Dex: 27    Spells: 20/41 levels left

rFire    . . .     SeeInvis .   N - +7 great mace "Undeadhunter" {disrupt, rN+}
rCold    . . .     Gourm    .   b - +2 medium shield {reflect}
rNeg     + + +     Faith    +   (armour unavailable)
rPois    +         Spirit   .   X - +2 hat
rElec    .         Reflect  +   a - +0 cloak {+Inv}
rCorr    .         Clarity  +   (gloves unavailable)
MR       +....     Rnd*Tele +   (boots unavailable)
Stlth    ++++......             q - amulet of faith
HPRegen  0.39/turn              H - +4 ring of strength
MPRegen  0.23/turn              S - +4 ring of protection

@: mighty, studying Ice Magic, very slow
A: large, slow actions, passwall, strong branches, blurry vision 1, mutation
resistance 1, negative energy resistance 3, poison resistance, slow metabolism
1, teleportitis 1, torment resistance, weak 1, unbreathing, AC +23
}: 1/15 runes: barnacled
a: Passwall, Bend Time, Defer, Temporal Distortion, Step From Time, Renounce
Religion, Evoke Invisibility


You were on level 1 of the Snake Pit.
You worshipped Cheibriados.
Cheibriados was exalted by your worship.
You were not hungry.

You visited 5 branches of the dungeon, and saw 23 of its levels.
You also visited: Ice Cave.

You collected 2264 gold pieces.
You spent 132 gold pieces at shops.

Inventory:

Hand Weapons
 y - a +3 hunting sling of velocity
 N - the +7 great mace "Undeadhunter" (weapon) {disrupt, rN+}
   (You found it on level 6 of the Dungeon)

   It protects you from negative energy.
 R - the +6 scimitar of Flaming Death {sticky flame, rF++ rC- MR+}
   (You found it on level 6 of the Lair of Beasts)

   It has been specially enchanted to surge with flame as it hits, increasing
   damage dealt by approximately one third against foes not resistant or
   susceptible to fire.
   Its heat also prevents any hydra heads it cuts off from regrowing.
   It greatly protects you from fire.
   It makes you vulnerable to cold.
   It affects your resistance to hostile enchantments.
Missiles
 f - 458 javelins
 l - 4259 stones
 m - 302 poisoned tomahawks
 w - 95 javelins of penetration {=f}
 I - 99 large rocks (quivered)
 O - 2 throwing nets {=f}
Armour
 a - a +0 cloak of invisibility (worn)
 b - a +2 medium shield of reflection (worn)
 V - a +0 hat of magic resistance
 X - a +2 hat (worn)
Magical Staves
 L - an uncursed staff of air
Jewellery
 d - an uncursed amulet of the acrobat
 o - an uncursed ring of protection from cold
 p - the ring "Diazorad" {Ice +Fly}
   (You found it on level 11 of the Dungeon)

   [ring of ice]

   It enhances your ice magic.
   It makes you vulnerable to fire.
   It protects you from cold.
   It lets you fly.
 q - an amulet of faith (around neck)
 t - the ring of Elyvilon's Delight {Fire rPois Int+3 Slay-5}
   (You found it on level 8 of the Dungeon)

   [ring of fire]

   It enhances your fire magic.
   It affects your intelligence (+3).
   It affects your accuracy and damage with ranged weapons and melee attacks
   (-5).
   It protects you from fire.
   It makes you vulnerable to cold.
   It protects you from poison.
 D - an uncursed amulet of rage
 E - an uncursed ring of magical power
 H - a +4 ring of strength (left hand)
 Q - an uncursed ring of positive energy
 S - a +4 ring of protection (right hand)
 T - the ring of Wed Leh {Ice rElec}
   (You found it in an ice cave)

   [ring of ice]

   It enhances your ice magic.
   It makes you vulnerable to fire.
   It protects you from cold.
   It insulates you from electricity.
Wands
 c - a wand of paralysis (45)
 h - a wand of flame (60)
 G - a wand of iceblast (45)
Scrolls
 i - 2 scrolls of identify
 j - 10 scrolls of teleportation
 k - 4 scrolls of enchant weapon
 n - 2 scrolls of enchant armour
 u - 6 scrolls of magic mapping
 v - 2 scrolls of amnesia
 B - 11 scrolls of remove curse
 F - 4 scrolls of fear
 W - a scroll of fog
Potions
 g - 2 potions of berserk rage
 r - 5 potions of curing
 z - 2 potions of lignification
 A - 3 potions of haste
 C - 4 potions of magic
 K - a potion of flight
 P - a potion of agility
 U - a potion of might
 Y - 2 potions of cancellation
 Z - a potion of brilliance
Miscellaneous
 s - a fan of gales (2/2)
Comestibles
 e - 42 rations {!d}


   Skills:
 - Level 11.7 Fighting
 - Level 13.3 Maces & Flails
 * Level 10.0 Throwing
 - Level 9.0 Dodging
 - Level 7.6 Stealth
 - Level 8.8 Shields
 - Level 13.1 Spellcasting
 - Level 5.0 Hexes
 - Level 2.5 Charms
 - Level 4.8 Translocations
 - Level 8.4 Invocations
 - Level 7.0 Evocations


You had 20 spell levels left.
You knew the following spells:

 Your Spells              Type           Power        Failure   Level  Hunger
a - Slow                  Hex            #####...     1%          1    None
b - Apportation           Tloc           #####.       1%          1    None
c - Controlled Blink      Tloc           #####...     100%        7    #####..
d - Aura of Abjuration    Summ           ###.......   100%        6    ####...
e - Deflect Missiles      Chrm/Air       ####......   100%        6    ####...

Your spell library contained the following spells:

 Spells                   Type           Power        Failure   Level  Hunger
 Beckoning                Tloc           #####.....   3%          3    None
 Confuse                  Hex            #####...     3%          3    None
 Portal Projectile        Tloc           #####.       3%          3    None
 Tukima's Dance           Hex            #####...     3%          3    None
 Ensorcelled Hibernation  Hex/Ice        ####..       4%          2    None
 Throw Frost              Conj/Ice       ###...       4%          2    None
 Flaming Arrows           Chrm/Fire      ####....     8%          2    None
 Flame Tongue             Conj/Fire      ###..        9%          1    None
 Sandblast                Erth           ###...       9%          1    None
 Sting                    Conj/Pois      ###.         9%          1    None
 Summon Butterflies       Summ           ###.....     9%          1    None
 Dazzling Orbs            Conj/Hex       ####...      9%          3    None
 Inner Flame              Hex/Fire       N/A          9%          3    None
 Cause Fear               Hex            #####.....   11%         4    None
 Force Lance              Tloc           #####...     11%         4    None
 Sticks to Snakes         Tmut           ###.....     12%         2    None
 Conjure Flame            Conj/Fire      ###.....     24%         3    None
 Stone Arrow              Conj/Erth      ###...       24%         3    None
 Fulminant Prism          Conj/Hex       ####......   28%         4    None
 Yara's Violent Unravell  Hex/Tmut       ####......   28%         4    None
 Petrify                  Tmut/Erth      ###.......   63%         4    None
 Sticky Flame             Conj/Fire      ###.....     63%         4    None
 Metabolic Englaciation   Hex/Ice        ####......   63%         5    #......
 Piercing Shot            Chrm           ####......   63%         5    #......
 Silence                  Hex/Air        ####......   63%         5    #......
 Summon Forest            Summ/Tloc      ####......   63%         5    #......
 Iskenderun's Battlesphe  Conj/Chrm      ####....     80%         5    #......
 Invisibility             Hex            #####...     85%         6    ####...
 Dispersal                Tloc           #####.....   86%         6    ####...
 Fireball                 Conj/Fire      ###.......   92%         5    #......
 Lee's Rapid Deconstruct  Erth           ###.......   92%         5    #......
 Infestation              Hex/Tmut/Pois  ####.....    99%         6    ####...
 Death Channel            Chrm/Necr      ####......   100%        6    ####...
 Discord                  Hex            #####.....   100%        7    #####..
 Mana Rupture             Conj/Hex       ####......   100%        7    #####..
 Beastly Appendage        Tmut           Unusable     N/A         1    N/A
 Passwall                 Tmut/Erth      Unusable     N/A         2    N/A
 Spider Form              Tmut/Pois      Unusable     N/A         3    N/A
 Ice Form                 Ice/Tmut       Unusable     N/A         4    N/A
 Blade Hands              Tmut           Unusable     N/A         5    N/A

Dungeon Overview and Level Annotations

Branches:
Dungeon (12/12)              Lair (6/6) D:7          Shoals (3/3) Lair:2
  Snake (1/3) Lair:4        Slime (0/5) Lair:6          Orc (1/1) D:9
    Elf (0/3) Orc          Vaults (0/3) D:12         Depths (0/5) D:12
 Temple: D:4-7        Swamp: Lair:2-4    Spider: Lair:2-4

Altars:
Ashenzari
Cheibriados
Dithmenos
Elyvilon
Hepliaklqana
Kikubaaqudgha
Makhleb
Qazlal
Ru
Sif Muna
Uskayaw
Vehumet
Wu Jian
Xom
Zin
Jiyva

Shops:
D:5 (   D:6 :}[?   D:11 [   Orc (=[}?   Shoals:2 (   Shoals:3 :

Annotations:
D:9 4 runed doors
Lair:4 Snorg
Snake:1 Agnes


Innate Abilities, Weirdness & Mutations

You move and act slowly.
You can pass through walls and trees.
Your branches can wield two-handed weapons with a shield.
Your thick bark is tough. (AC +23)
You are too large for most types of armour.
You are immune to negative energy. (rN+++)
Your system is resistant to poisons. (rPois)
You have a slow metabolism.
You are immune to unholy pain and torment.
You can survive without breathing.
Scrolls take you a little longer to read.
You are somewhat resistant to further mutation.
You are occasionally teleported next to monsters.
You are weak. (Str -2)


Message History

Press: ? - help, Shift-Dir - straight line, f - Agnes
Aim: Agnes, wielding a +0 lajatang and wearing a +2 robe of cold resistance (hasn't noticed you)
You throw a large rock. The large rock completely misses Agnes.
Agnes shouts!
You start to feel less resistant.
Agnes closely misses you.
You completely miss Agnes. Agnes hits you with a +0 lajatang!
* * * LOW HITPOINT WARNING * * *
Agnes hits you with a +0 lajatang!
* * * LOW HITPOINT WARNING * * *
Agnes blinks!
The flow of time bends around you.
You closely miss Agnes.
Your resistance to elements expires.
You block Agnes's attack. x3
Unknown command.
You miss Agnes. You block Agnes's attack.
Agnes mutters, "I never trained for this."
Agnes hits you with a +0 lajatang!!
You die...

##### #.)@# ..#
#.i)# ##
.....#.).###...#
≈..
.......))......#
♣ ..
.....%.#...#.....
P♣.. .......#...#
... ♣≈.
..#...###.## .
♣≈. . #..# ...
P.# ...# .#..


You could see Agnes.

Vanquished Creatures
  Asterion (Snake:1)
  Frances (Shoals:1)
  Donald (Orc)
  A nagaraja (Snake:1)
  Aizul (Shoals:1)
  A minotaur (Lair:4)
  The ghost of Lazarus1551 the Destroyer, a journeyman DrCj of Sif Muna (D:10)
  7 merfolk impalers
  The ghost of tronn the Fighter, a journeyman MiFi of Okawaru (Lair:4)
  A rakshasa (D:12)
  10 hydras
  2 naga warriors (Snake:1)
  3 vault guards (D:12)
  A catoblepas (shapeshifter) (D:12)
  3 two-headed ogres
  3 merfolk aquamancers
  A catoblepas (Lair:5)
  An alligator (Lair:4)
  A merfolk avatar (Shoals:2)
  2 alligator snapping turtles (Shoals:3)
  9 death yaks
  2 sea snakes
  A queen ant (Lair:2)
  3 orc high priests (Orc)
  Nergalle (D:11)
  Sonja (Lair:1)
  2 centaur warriors
  9 skeletal warriors (D:11)
  A kraken simulacrum (Shoals:3)
  2 swamp dragons (Lair:5)
  3 wizards (D:12)
  A glowing orange brain (D:12)
  4 orc knights (Orc)
  A cyclops (D:12)
  4 harpies (Shoals:2)
  4 orc sorcerers (Orc)
  2 manticores
  An oklob plant (Lair:4)
  5 ugly things
  A guardian serpent (Snake:1)
  An ice statue (IceCv)
  2 black mambas
  4 merfolk sirens
  20 elephants
  4 water nymphs
  4 naga magi (Snake:1)
  27 cane toads
  A gargoyle (D:10)
  10 freezing wraiths (IceCv)
  A rime drake (shapeshifter) (D:12)
  2 rime drakes
  7 komodo dragons
  7 merfolk
  A wolf spider simulacrum (IceCv)
  4 trolls
  4 tyrant leeches (Lair:6)
  A polar bear (Lair:4)
  A blink frog (shapeshifter) (D:12)
  A harpy skeleton (D:11)
  21 blink frogs
  3 slime creatures
  7 dream sheep
  A meliai zombie (D:10)
  10 hippogriffs
  3 snapping turtles
  Grum (Lair:1)
  Sigmund (D:3)
  A shadow (D:10)
  A spriggan (D:9)
  A vampire (D:8)
  2 wraiths
  3 fire bats (Lair:2)
  5 water elementals
  2 basilisks
  23 yaks
  15 humans (D:12)
  A hungry ghost (D:10)
  A death yak simulacrum (IceCv)
  6 vampire mosquitoes (Lair:6)
  A warg (Orc)
  5 swamp worms (Lair:5)
  9 crocodiles
  6 water moccasins
  6 nagas
  20 orc warriors
  5 soldier ants (Lair:2)
  A porcupine (shapeshifter) (D:12)
  3 porcupines
  2 black bears
  3 phantoms
  A hornet zombie (D:12)
  3 sky beasts
  15 ice beasts
  A necrophage (D:5)
  4 ogres
  10 wolves
  A kobold brigand (D:10)
  21 bullfrogs
  3 centaurs
  A scorpion (D:5)
  A wyvern skeleton (D:8)
  3 wights (D:7)
  2 electric eels
  A howler monkey (D:6)
  15 orc priests
  6 crimson imps
  2 quasits
  8 draconian simulacra (IceCv)
  6 hounds
  14 jellies
  2 bullfrog skeletons
  Crazy Yiuf (D:6)
  An iguana (D:5)
  22 orc wizards
  2 troll simulacra (IceCv)
  Ijyb (D:3)
  Natasha (thrice) (D:3)
  A polar bear simulacrum (IceCv)
  21 worker ants
  A spriggan simulacrum (IceCv)
  A wolf simulacrum (IceCv)
  A hound zombie (D:9)
  A worker ant zombie (D:5)
  10 adders
  3 gnolls (Orc)
  4 naga simulacra (IceCv)
  4 ogre simulacra (IceCv)
  2 shadow imps
  12 white imps (IceCv)
  A centaur simulacrum (IceCv)
  2 oozes
  2 adder skeletons
  3 worms
  A dart slug (D:2)
  5 leopard geckos
  32 orcs
  A bat zombie (D:9)
  2 giant cockroaches
  8 goblins
  9 hobgoblins
  11 jackals
  9 kobolds
  3 quokkas
  A ball python (D:3)
  4 bats
  2 jackal skeletons
  A quokka skeleton (D:5)
  4 rats
  4 fungi
  6 plants
693 creatures vanquished.

Vanquished Creatures (others)
  A necromancer (IceCv)
  An orc wizard (D:10)
  An orc (Orc)
  A bush (Lair:2)
  A fire vortex (Lair:2)
  37 fungi
  66 plants
  4 tentacles (Shoals:3)
112 creatures vanquished.

Grand Total: 805 creatures vanquished

Notes
Turn   | Place    | Note
-------+----------+-------------------------------------------
     0 | D:1      | pasperui the Ent Sloth Apostle began the quest for the Orb.
     0 | D:1      | Reached XP level 1. HP: 22/22 MP: 2/2
    40 | D:1      | Reached skill level 1 in Invocations
   299 | D:1      | Reached XP level 2. HP: 28/30 MP: 3/3
   429 | D:1      | Reached skill level 1 in Throwing
   587 | D:2      | Reached * piety under Cheibriados
   594 | D:2      | Reached XP level 3. HP: 26/37 MP: 4/4
  1081 | D:2      | Found a shadowy altar of Dithmenos.
  1145 | D:3      | Reached XP level 4. HP: 40/46 MP: 5/5
  1175 | D:3      | Reached ** piety under Cheibriados
  1247 | D:3      | Noticed Natasha
  1258 | D:3      | Killed Natasha
  1299 | D:3      | Noticed Natasha
  1301 | D:3      | Killed Natasha
  1302 | D:3      | Reached XP level 5. HP: 51/58 MP: 6/6
  1336 | D:3      | Noticed an ogre
  1339 | D:3      | Killed an ogre
  1353 | D:3      | Noticed Ijyb
  1364 | D:3      | Noticed Natasha
  1368 | D:3      | Killed Ijyb
  1378 | D:3      | Killed Natasha
  1379 | D:3      | Reached XP level 6. HP: 67/67 MP: 7/7
  1512 | D:3      | Noticed Sigmund
  1516 | D:3      | Killed Sigmund
  2383 | D:5      | Entered Level 5 of the Dungeon
  2391 | D:5      | Reached XP level 7. HP: 74/74 MP: 9/9
  2415 | D:5      | Found a radiant altar of Vehumet.
  2436 | D:5      | Reached *** piety under Cheibriados
  2538 | D:5      | Reached skill level 5 in Maces & Flails
  2665 | D:5      | Found Vuafalos's Antique Weapon Shop.
  2818 | D:5      | Found a sacrificial altar of Ru.
  3130 | D:5      | Found an ornate altar of the Wu Jian Council.
  3130 | D:5      | Found a hide-covered altar of Uskayaw.
  3130 | D:5      | Found a shattered altar of Ashenzari.
  3204 | D:5      | Reached XP level 8. HP: 84/84 MP: 10/10
  3240 | D:6      | Found Kas Kafo's Magic Scroll Shoppe.
  3278 | D:6      | Bought 2 scrolls of teleportation for 72 gold pieces
  3278 | D:6      | Bought a scroll of identify for 24 gold pieces
  3278 | D:6      | Bought a scroll of teleportation for 36 gold pieces
  3294 | D:6      | Found Baguttatee's Armour Shop.
  3318 | D:6      | Found Baazuoc's Gadget Shoppe.
  3319 | D:6      | Found a stormy altar of Qazlal.
  3369 | D:6      | Reached skill level 5 in Fighting
  3385 | D:6      | Reached **** piety under Cheibriados
  3399 | D:6      | Reached skill level 1 in Evocations
  3441 | D:6      | Found Kigubiq's Book Shoppe.
  3770 | D:6      | Found a runed door.
  3771 | D:6      | Found the +7 great mace "Undeadhunter" {disrupt, rN+}
  3775 | D:6      | Noticed Crazy Yiuf
  3777 | D:6      | Killed Crazy Yiuf
  3849 | D:7      | Found a radiant altar of Vehumet.
  4179 | D:7      | Found a shimmering altar of Xom.
  4188 | D:7      | Reached XP level 9. HP: 95/95 MP: 13/15
  4196 | D:7      | Reached ***** piety under Cheibriados
  4228 | D:7      | Reached skill level 5 in Spellcasting
  4253 | D:7      | Found a staircase to the Lair.
  4253 | D:7      | Noticed a death yak
  4272 | D:7      | Killed a death yak
  4561 | D:7      | Found a burning altar of Makhleb.
  4561 | D:7      | Found a glowing silver altar of Zin.
  4562 | D:7      | Noticed an angel
  4562 | D:7      | Noticed a cacodemon
  4625 | D:7      | Reached XP level 10. HP: 96/110 MP: 17/17
  4831 | D:8      | Noticed a brown ugly thing
  4856 | D:8      | Killed a brown ugly thing
  5167 | D:8      | Found a hazy altar of Hepliaklqana.
  5356 | D:8      | Found a shimmering blue altar of Sif Muna.
  5391 | D:8      | Got Sif Muna's Compendium of Envenoming
  5394 | D:8      | Got Sif Muna's Almanac of Transmutation
  5396 | D:8      | Got Sif Muna's Handbook of Poison
  5440 | D:9      | Noticed a centaur warrior
  5449 | D:9      | Killed a centaur warrior
  5450 | D:9      | Reached skill level 5 in Throwing
  5470 | D:9      | Noticed a two-headed ogre
  5502 | D:9      | Found a staircase to the Orcish Mines.
  5600 | D:9      | Killed a two-headed ogre
  5601 | D:9      | Reached skill level 10 in Maces & Flails
  5876 | D:9      | Found a white marble altar of Elyvilon.
  6263 | D:9      | Reached XP level 11. HP: 110/117 MP: 18/18
  6263 | D:9      | Found a huge runed gate.
  6263 | D:9      | Found a huge runed gate.
  6263 | D:9      | Found a huge runed gate.
  6263 | D:9      | Found a huge runed gate.
  6475 | D:9      | Found an ancient bone altar of Kikubaaqudgha.
  6566 | Lair:1   | Entered Level 1 of the Lair of Beasts
  6618 | Lair:1   | Noticed a four-headed hydra
  6623 | Lair:1   | Killed a four-headed hydra
  6671 | Lair:1   | Noticed Sonja
  6677 | Lair:1   | Killed Sonja
  6678 | Lair:1   | Reached skill level 5 in Shields
  6811 | Lair:1   | Noticed Grum
  6815 | Lair:1   | Killed Grum
  6914 | Lair:2   | Noticed an eight-headed hydra
  6917 | Lair:2   | Killed an eight-headed hydra
  7053 | Lair:2   | Found a staircase to the Shoals.
  7319 | Lair:2   | Noticed a queen ant
  7322 | Lair:2   | Killed a queen ant
  7356 | Lair:2   | Reached ****** piety under Cheibriados
  7984 | Lair:3   | Noticed a four-headed hydra
  7987 | Lair:3   | Killed a four-headed hydra
  7988 | Lair:3   | Reached XP level 12. HP: 127/127 MP: 19/19
  8017 | Lair:3   | Noticed an eight-headed hydra
  8021 | Lair:3   | Killed an eight-headed hydra
  8054 | Lair:3   | Reached skill level 5 in Dodging
  8085 | Lair:3   | Found a frozen archway.
  8099 | IceCv    | Entered an ice cave
  8406 | IceCv    | Got a slimy iron ring
  8500 | IceCv    | Found an ancient bone altar of Kikubaaqudgha.
  8821 | Lair:3   | Noticed a death yak
  8822 | Lair:3   | Noticed a death yak
  8822 | Lair:3   | Noticed a death yak
  8824 | Lair:3   | Noticed a death yak
  8824 | Lair:3   | Noticed a death yak
  8826 | Lair:3   | Killed a death yak
  8831 | Lair:3   | Killed a death yak
  8832 | Lair:3   | Reached XP level 13. HP: 117/134 MP: 15/20
  9160 | Lair:4   | Found a runed translucent gate.
  9161 | Lair:4   | Found a runed translucent gate.
  9168 | Lair:4   | Found a runed translucent gate.
  9220 | Lair:4   | Noticed a minotaur
  9220 | Lair:4   | Noticed tronn's ghost (journeyman MiFi)
  9257 | Lair:4   | Killed tronn's ghost
  9260 | Lair:4   | Killed a minotaur
  9524 | Lair:4   | Found a staircase to the Snake Pit.
  9536 | Lair:4   | Identified the Handbook of the Valley
  9646 | Lair:5   | Noticed Snorg
 10174 | Lair:5   | Reached skill level 5 in Stealth
 10285 | Lair:5   | Identified the Reference Book on Dislocation and Talismans
 10327 | Lair:5   | Reached XP level 14. HP: 141/144 MP: 26/26
 10389 | Lair:5   | Identified the ring of Wed Leh {Ice rElec} (You found it in
                  | an ice cave)
 10456 | Lair:6   | Entered Level 6 of the Lair of Beasts
 10786 | Lair:6   | Reached skill level 5 in Evocations
 11129 | Lair:6   | Reached skill level 10 in Fighting
 11176 | Lair:6   | Found a viscous altar of Jiyva.
 11178 | Lair:6   | Found a staircase to the Slime Pits.
 11320 | Lair:6   | Found the +6 scimitar of Flaming Death {sticky flame, rF++
                  | rC- MR+}
 11836 | D:8      | Found a snail-covered altar of Cheibriados.
 11952 | D:8      | Got a faintly glowing silver ring
 11954 | D:8      | Identified the cursed ring of Elyvilon's Delight {Fire
                  | rPois Int+3 Slay-5} (You found it on level 8 of the
                  | Dungeon)
 12040 | D:10     | Entered Level 10 of the Dungeon
 12090 | D:10     | Found a runed translucent gate.
 12092 | D:10     | Found a runed translucent gate.
 12093 | D:10     | Found a runed translucent gate.
 12094 | D:10     | Noticed Lazarus1551's ghost (journeyman DrCj)
 12111 | D:10     | Killed Lazarus1551's ghost
 12448 | D:11     | Found Daifyzos's Antique Armour Boutique.
 12549 | D:11     | Got a bound bone ring
 12551 | D:11     | Identified the ring "Diazorad" {Ice +Fly} (You found it on
                  | level 11 of the Dungeon)
 12767 | D:12     | Entered Level 12 of the Dungeon
 12779 | D:11     | Noticed Nergalle
 12789 | D:11     | Killed Nergalle
 12835 | D:11     | Reached XP level 15. HP: 137/168 MP: 27/27
 13125 | D:12     | Noticed a storm dragon
 13125 | D:12     | a queen ant changed into a storm dragon
 13125 | D:12     | Noticed an azure jelly
 13125 | D:12     | a storm dragon changed into an azure jelly
 13126 | D:12     | an azure jelly changed into a catoblepas
 13134 | D:12     | Found a staircase to the Depths.
 13259 | D:12     | Reached skill level 5 in Hexes
 13331 | D:12     | Identified the +4 long sword "Jiasicen" {venom, *Noise
                  | rElec rC+ Str+7}
 13428 | D:12     | Found a shimmering blue altar of Sif Muna.
 13547 | D:12     | Reached skill level 10 in Spellcasting
 13581 | D:12     | Found a gate to the Vaults.
 13626 | D:12     | Learned a level 1 spell: Apportation
 13666 | D:12     | Identified Sif Muna's Reference Book on Flames
 13685 | D:12     | Learned a level 7 spell: Controlled Blink
 13694 | D:12     | Learned a level 6 spell: Aura of Abjuration
 13701 | D:12     | Learned a level 6 spell: Deflect Missiles
 13965 | Orc      | Entered the Orcish Mines
 13980 | Orc      | Noticed Donald
 13990 | Orc      | Killed Donald
 14062 | Orc      | Found Ismomp's Magic Scroll Emporium.
 14127 | Orc      | Found Vesoeh's Gadget Shoppe.
 14284 | Orc      | Found Yjyett's Antique Armour Shop.
 14301 | Orc      | Found Juoly's Jewellery Shop.
 14305 | Orc      | Found Boovusou's Antique Weapon Shoppe.
 14488 | Orc      | Found a staircase to the Elven Halls.
 14802 | Shoals:1 | Entered Level 1 of the Shoals
 14846 | Shoals:1 | Noticed Frances
 14858 | Shoals:1 | Killed Frances
 14922 | Shoals:1 | Noticed Aizul
 14995 | Shoals:1 | Killed Aizul
 15508 | Shoals:2 | Gained mutation: You possess an exceptional clarity of
                  | mind. [potion of mutation]
 15508 | Shoals:2 | Gained mutation: You are somewhat resistant to further
                  | mutation. [potion of mutation]
 15513 | Shoals:2 | Lost mutation: You possess an exceptional clarity of mind.
                  | [potion of mutation]
 15513 | Shoals:2 | Lost mutation: You are somewhat resistant to further
                  | mutation. [potion of mutation]
 15513 | Shoals:2 | Gained mutation: Your magical capacity is low. (-10% MP)
                  | [potion of mutation]
 15513 | Shoals:2 | Gained mutation: You have very sharp teeth. [potion of
                  | mutation]
 15514 | Shoals:2 | Lost mutation: Your magical capacity is low. (-10% MP)
                  | [potion of mutation]
 15514 | Shoals:2 | Lost mutation: You have very sharp teeth. [potion of
                  | mutation]
 15514 | Shoals:2 | Gained mutation: Scrolls take you a little longer to read.
                  | [potion of mutation]
 15514 | Shoals:2 | Gained mutation: You are weak. (Str -2) [potion of
                  | mutation]
 15514 | Shoals:2 | Gained mutation: You are occasionally teleported next to
                  | monsters. [potion of mutation]
 15514 | Shoals:2 | Gained mutation: You are somewhat resistant to further
                  | mutation. [potion of mutation]
 15897 | Shoals:2 | Reached XP level 16. HP: 162/177 MP: 32/32
 15903 | Shoals:2 | Found Udaeb's Weapon Shop.
 16000 | Shoals:3 | Entered Level 3 of the Shoals
 16202 | Shoals:3 | Found Tuppuptec's Book Boutique.
 16384 | Shoals:3 | Got a barnacled rune of Zot
 16542 | Snake:1  | Entered Level 1 of the Snake Pit
 16599 | Snake:1  | Noticed Asterion
 16602 | Snake:1  | Noticed an Executioner
 16608 | Snake:1  | Killed Asterion
 16625 | Snake:1  | HP: 2/177 [naga warrior/+0 morningstar (15)]
 16638 | Snake:1  | Reached skill level 10 in Throwing
 16650 | Snake:1  | Noticed Agnes
 16656 | Snake:1  | Mangled by Agnes

Skill      XL: |  1  2  3  4  5  6  7  8  9 10 11 12 13 14 15 16 |
---------------+-------------------------------------------------+-----
Invocations    | 1 3 8 |  8.4
Throwing       | 1 2 5 8 10 | 10.0
Maces & Flails | 3 4 8 10 12 13 | 13.3
Fighting       | 3 5 7 11 | 11.7
Dodging        | 2 3 9 |  9.0
Stealth        | 4 7 |  7.6
Evocations     | 4 7 |  7.0
Spellcasting   | 4 5 8 12 13 | 13.1
Shields        | 3 5 7 8 |  8.8
Hexes          | 5 |  5.0
Translocations | 4 |  4.8
Charms         | 2 |  2.5

Action                   |  1- 3 |  4- 6 |  7- 9 | 10-12 | 13-15 | 16-18 || total
-------------------------+-------+-------+-------+-------+-------+-------++-------
Melee: Mace              |   199 |    68 |       |       |       |       ||   267
       Dire flail        |       |    12 |   286 |    98 |       |       ||   396
       Great mace        |       |       |       |   246 |   798 |    70 ||  1114
       Staff             |       |       |       |       |    26 |       ||    26
Throw: Stone             |     4 |     3 |     1 |    10 |       |       ||    18
       Javelin           |       |     2 |    23 |    34 |    63 |     6 ||   128
       Tomahawk          |       |     7 |     3 |    13 |       |       ||    23
       Large rock        |       |       |       |    22 |    17 |    16 ||    55
 Cast: Apportation       |       |       |       |       |     3 |       ||     3
       Slow              |       |       |       |       |     1 |       ||     1
Invok: Defer             |       |       |       |     5 |     7 |     3 ||    15
       Temporal Distorti |       |       |       |       |     1 |     1 ||     2
       Bend Time         |       |       |       |       |     1 |     1 ||     2
 Abil: Passwall          |       |       |       |     2 |     8 |       ||    10
Evoke: Fan of gales      |       |       |       |       |     3 |       ||     3
       Wand              |       |       |       |       |       |     5 ||     5
  Use: Scroll            |       |       |     6 |     2 |    18 |     2 ||    28
       Potion            |       |       |       |       |     8 |     7 ||    15
 Stab: Sleeping          |     4 |     1 |     7 |     8 |    13 |       ||    33
       Invisible         |       |     4 |       |       |       |       ||     4
       Distracted        |       |       |       |     2 |     5 |       ||     7
       Petrifying        |       |       |       |       |     1 |       ||     1
       Petrified         |       |       |       |       |     1 |       ||     1
       Fleeing           |       |       |       |       |       |     1 ||     1
  Eat: Chunk             |     7 |     6 |    13 |    20 |    44 |     2 ||    92
       Ration            |       |       |       |     2 |     2 |     1 ||     5
Armor: Skin              |   160 |   108 |   250 |   287 |   658 |    69 ||  1532
Dodge: Dodged            |    62 |    54 |   153 |   308 |  1224 |   108 ||  1909
Block: Medium shield     |   101 |    68 |   217 |   399 |  1240 |   151 ||  2176
       Reflection        |       |       |       |       |    13 |     8 ||    21
